 Seeded DCSS version 0.30-a0-715-gdb4ae3ece1 (webtiles) character file.

Game seed: 10612473497621459800 (custom seed)

4330 purpskrrrp the Destroyer (level 10, -25/50 HPs)
             Began as a Tengu Fire Elementalist on Jan 24, 2023.
             Was a Follower of Vehumet.
             Annihilated by a white ugly thing (31 damage)
             ... on level 9 of the Dungeon.
             The game lasted 00:22:04 (9657 turns).

purpskrrrp the Destroyer (Tengu Fire Elementalist)  Turns: 9657, Time: 00:22:04

Health: -25/50     AC:  7    Str:  8    XL:     10   Next: 33%
Magic:  14/20      EV: 24    Int: 21    God:    Vehumet [*.....]
Gold:   393        SH:  0    Dex: 18    Spells: 14/21 levels left

rFire   + + .      SeeInvis .    y - +4 rapier "Esucsaobb" {heavy, Dex+4 Stlth+}
rCold   x . .      Faith    .    (no shield)
rNeg    . . .      Spirit   .    a - +0 robe
rPois   .          Reflect  .    E - +2 hat of the Monkey {rF+}
rElec   .          Harm     .    G - +1 cloak
rCorr   .          Rampage  .    t - +0 pair of gloves
Will    .....                    (boots unavailable)
Stlth   +++                      (no amulet)
HPRegen 0.28/turn                c - +5 ring of evasion
MPRegen 0.17/turn                h - ring of fire

@: flying quickly and evasively, hasted, very quick
A: beak, talons 3, nimble flight
a: Renounce Religion


You were on level 9 of the Dungeon.
You worshipped Vehumet.
Vehumet was aware of your devotion.
You visited 2 branches of the dungeon, and saw 10 of its levels.

You collected 475 gold pieces.
You spent 82 gold pieces at shops.

Inventory:

Hand Weapons
 j - a +0 long sword of protection
 y - the +4 rapier "Esucsaobb" (weapon) {heavy, Dex+4 Stlth+}
   (You found it on level 4 of the Dungeon)

   Dex:       It affects your dexterity (+4).
   Stlth:     It makes you more stealthy.
 C - a +2 flail of holy wrath
Missiles
 B - a throwing net
Armour
 a - a +0 robe (worn)
 t - a +0 pair of gloves (worn)
 D - a scarf of invisibility
 E - the +2 hat of the Monkey (worn) {rF+}
   (You found it on level 6 of the Dungeon)

   rF:        It protects you from fire.
 G - a +1 cloak (worn)
Jewellery
 c - a +5 ring of evasion (left hand)
 h - a ring of fire (right hand)
 m - a +5 ring of evasion
 u - the ring of Umugh {*Corrode +Blink rPois rC+ Will++}
   (You took it off a gnoll on level 3 of the Dungeon)

   [ring of protection from cold]

   rC:        It protects you from cold.
   rPois:     It protects you from poison.
   +Blink:    It lets you blink.
   *Corrode:  It may corrode you when you take damage.
   Will:      It greatly increases your willpower.
 J - a +5 ring of evasion
 K - a +6 ring of strength
Wands
 v - a wand of charming (9)
 F - a wand of flame (51)
Scrolls
 f - a scroll of brand weapon
 g - a scroll of teleportation
 l - a scroll of blinking
 n - 3 scrolls of fog {unknown}
 o - 4 scrolls of immolation
 x - 4 scrolls of enchant weapon
 I - 2 scrolls of magic mapping
Potions
 b - 2 potions of heal wounds
 d - 2 potions of ambrosia
 e - 2 potions of lignification
 i - 2 potions of degeneration
 k - 2 potions of attraction
 q - 6 potions of curing
 z - 2 potions of might
 A - a potion of brilliance


   Skills:
 + Level 7.5 Dodging
 - Level 2.0 Stealth
 + Level 6.3 Spellcasting
 * Level 12.1 Conjurations
 + Level 8.0 Fire Magic


You had 14 spell levels left.
You knew the following spells:

 Your Spells              Type           Power      Damage    Failure   Level
a - Foxfire               Conj/Fire      100%       2x1d9     1%          1
b - Scorch                Fire           100%       2d10      1%          2
c - Flame Wave            Conj/Fire      65%        2d15      1%          4

Your spell library contained the following spells:

 Spells                   Type           Power      Damage    Failure   Level
 Freeze                   Ice            24%        1d4       10%         1
 Magic Dart               Conj           100%       1d8       1%          1
 Momentum Strike          Conj/Tloc      64%        3d9       1%          2
 Stone Arrow              Conj/Erth      64%        3d11      2%          3
 Inner Flame              Hex/Fire       35%        N/A       5%          3
 Mephitic Cloud           Conj/Pois/Air  23%        N/A       5%          3
 Kindle Blastsparks       Fire/Tloc/Air  52%        2d14      10%         3
 Blink                    Tloc           12%        N/A       14%         2
 Call Imp                 Summ           6%         N/A       14%         2
 Lesser Beckoning         Tloc           12%        N/A       14%         2
 Animate Armour           Summ/Erth      12%        N/A       67%         4
 Animate Dead             Necr           6%         N/A       67%         4
 Haunt                    Necr/Summ      3%         N/A       100%        7
 Infestation              Necr           3%         N/A       100%        8
 Lehudib's Crystal Spear  Conj/Erth      16%        10d5      100%        8


Dungeon Overview and Level Annotations

Branches:
Dungeon (9/15)             Temple (1/1) D:4
   Lair: D:8-11         Orc: D:9-12

Altars:
Ashenzari
Cheibriados
Dithmenos
Elyvilon
Fedhas
Gozag
Hepliaklqana
Kikubaaqudgha
Makhleb
Nemelex Xobeh
Okawaru
Qazlal
Ru
Uskayaw
Vehumet
Wu Jian
Xom
Yredelemnul
Zin
The Shining One

Shops:
D:2 (   D:4 **


Innate Abilities, Weirdness & Mutations

You have a beak for a mouth.
You have claws for feet.
Your magical nature lets you fly swiftly and evasively.


Message History

You see here 10 gold pieces.
You feel a surge of power!
You conjure some foxfire!
The white ugly thing gurgles horribly!
You feel a surge of power!
You conjure some foxfire!
Casting: Foxfire (safe; 1% risk of failure)
Confirm with . or Enter, or press ? or * to list all spells.
You feel a surge of power!
Nothing appears to happen.
The foxfire hits the white ugly thing.
The white ugly thing is lightly wounded.
The foxfire hits the white ugly thing.
The white ugly thing is lightly wounded.
Casting: Scorch (safe; 1% risk of failure)
Confirm with . or Enter, or press ? or * to list all spells.
You feel a surge of power!
Flames lash the white ugly thing.
The white ugly thing is moderately wounded.
The white ugly thing's fire resistance burns away.
The foxfire hits the white ugly thing!
The white ugly thing is burned terribly!
The white ugly thing is heavily wounded.
The foxfire hits the white ugly thing but does no damage.
The white ugly thing is heavily wounded.
You feel a surge of power!
You conjure some foxfire!
The white ugly thing attacks as you move away!
The white ugly thing punches you! The white ugly thing freezes you!!
You feel a terrible chill!
Ouch! That really hurt!
* * * LOW HITPOINT WARNING * * *
The foxfire hits the white ugly thing!
The white ugly thing is burned terribly!
The white ugly thing is heavily wounded.
The foxfire hits the white ugly thing but does no damage.
The white ugly thing is heavily wounded.
Okay, then.
The white ugly thing attacks as you move away!
The white ugly thing closely misses you.
You feel yourself speed up. The white ugly thing punches you.
* * * LOW HITPOINT WARNING * * *
The white ugly thing freezes you!!
You feel a terrible chill!
Ouch! That really hurt!
You die...

.. .. .### .. ..... ...
..##### ..... #.# ######.
... ...... #.#
.......##.##...... #.#
<......#.......... #.#
.......#.#u#......###.#####
.......$.#@#.#....#.......#
.##..........# #.##.......#
#.######.### #.##........ #
#..[# #.##.......# ###.#
#.##.......#
#.###.##)....<.#
#.......######## #.......#
#.......#


You could see a white ugly thing (combustible).

Vanquished Creatures
  A two-headed ogre (D:8)
  Prince Ribbit (D:5)
  A wyvern (D:8)
  A yak (D:8)
  2 steam dragons
  Edmund (D:4)
  A water moccasin (D:9)
  An orc warrior (D:8)
  A sky beast (D:8)
  An ogre (D:5)
  3 centaurs
  A kobold brigand (D:7)
  4 phantoms
  5 bullfrogs
  6 scorpions
  3 necrophages (D:6)
  6 killer bees (D:8)
  2 electric eels (D:8)
  2 howler monkeys (D:9)
  3 hounds (D:5)
  2 gnoll boudas (D:7)
  3 iguanas
  6 orc wizards
  15 gnolls
  4 adders
  2 shadow imps (D:6)
  2 white imps (D:6)
  An ufetubus (D:6)
  A dart slug (D:4)
  8 orcs
  6 ball pythons
  2 endoplasms (D:3)
  4 giant cockroaches
  3 goblins
  2 hobgoblins (D:3)
  6 jackals
  4 quokkas
  4 bats
  3 frilled lizards
  8 kobolds
  2 rats
134 creatures vanquished.

Vanquished Creatures (collateral kills)
  A foxfire (D:6)
1 creature vanquished.

Vanquished Creatures (others)
  680 foxfires
680 creatures vanquished.

Grand Total: 815 creatures vanquished

Notes
Turn   | Place    | Note
-------+----------+-------------------------------------------
     0 | D:1      | purpskrrrp the Tengu Fire Elementalist began the quest for
                  | the Orb.
     0 | D:1      | Reached XP level 1. HP: 10/10 MP: 4/4
   805 | D:2      | Reached skill level 2 in Conjurations
   805 | D:2      | Reached XP level 2. HP: 14/14 MP: 1/6
  1472 | D:2      | Found Cuonynum's Antique Weapon Emporium.
  1481 | D:2      | Learned a level 2 spell: Scorch
  1519 | D:2      | Reached XP level 3. HP: 19/19 MP: 2/7
  2044 | D:3      | Reached skill level 3 in Conjurations
  2131 | D:3      | Identified the ring of Umugh {*Corrode +Blink rPois rC+
                  | Will++}
  2474 | D:3      | Reached XP level 4. HP: 24/24 MP: 4/8
  3074 | D:4      | Reached skill level 4 in Conjurations
  3074 | D:4      | Gained mutation: Your magical nature lets you fly swiftly
                  | and evasively. [Tengu growth]
  3074 | D:4      | Reached XP level 5. HP: 28/28 MP: 2/10
  3159 | D:4      | Noticed a phantom
  3163 | D:4      | Killed a phantom
  3204 | D:4      | Reached skill level 5 in Conjurations
  3204 | D:4      | Reached XP level 6. HP: 32/32 MP: 3/11
  3448 | D:4      | Found Hejeruips's General Store.
  3457 | D:4      | Bought a scroll of enchant weapon for 82 gold pieces
  3710 | D:4      | Found Pobloesh's Elemental Accessories.
  3718 | D:4      | Noticed Edmund
  3743 | D:4      | Killed Edmund
  3744 | D:4      | Reached skill level 6 in Conjurations
  3744 | D:4      | Reached XP level 7. HP: 27/36 MP: 4/13
  3819 | D:4      | Reached skill level 5 in Fire Magic
  3882 | D:4      | Identified the +4 rapier "Esucsaobb" {heavy, Dex+4 Stlth+}
  4028 | D:4      | Found a staircase to the Ecumenical Temple.
  4041 | Temple   | Entered the Ecumenical Temple
  4159 | Temple   | Became a worshipper of Vehumet
  4244 | D:5      | Entered Level 5 of the Dungeon
  4353 | D:5      | Reached skill level 7 in Conjurations
  4541 | D:5      | Noticed Prince Ribbit
  4543 | D:5      | Reached XP level 8. HP: 41/41 MP: 10/15
  4546 | D:5      | Killed Prince Ribbit
  4547 | D:5      | Reached skill level 5 in Dodging
  4618 | D:5      | Reached skill level 8 in Conjurations
  5513 | D:6      | Identified the +2 hat of the Monkey {rF+}
  5648 | D:6      | Reached skill level 9 in Conjurations
  5848 | D:6      | Found an iron altar of Okawaru.
  5898 | D:6      | Reached * piety under Vehumet
  5898 | D:6      | Offered knowledge of Freeze by Vehumet.
  6051 | D:6      | Reached XP level 9. HP: 42/45 MP: 10/17
  6518 | D:6      | Reached skill level 5 in Spellcasting
  6971 | D:7      | Reached skill level 10 in Conjurations
  8285 | D:8      | Reached skill level 11 in Conjurations
  8285 | D:8      | Found a blossoming altar of Fedhas.
  8286 | D:8      | Found an ancient bone altar of Kikubaaqudgha.
  8286 | D:8      | Found a shimmering altar of Xom.
  8286 | D:8      | Found a sacrificial altar of Ru.
  8287 | D:8      | Found a hazy altar of Hepliaklqana.
  8287 | D:8      | Found a stormy altar of Qazlal.
  8288 | D:8      | Found an opulent altar of Gozag.
  8288 | D:8      | Found an ornate altar of the Wu Jian Council.
  8288 | D:8      | Found a sparkling altar of Nemelex Xobeh.
  8290 | D:8      | Found a snail-covered altar of Cheibriados.
  8290 | D:8      | Found a glowing golden altar of the Shining One.
  8290 | D:8      | Found a basalt altar of Yredelemnul.
  8290 | D:8      | Noticed a two-headed ogre
  8302 | D:8      | Killed a two-headed ogre
  8303 | D:8      | Reached XP level 10. HP: 50/50 MP: 5/20
  8923 | D:8      | Reached skill level 12 in Conjurations
  9489 | D:8      | Learned a level 4 spell: Flame Wave
  9636 | D:9      | Noticed a white ugly thing
  9657 | D:9      | Annihilated by a white ugly thing

Illustrated notes

Levels and vault maps discovered:
D:1:      co_arrival_random_square_maze, layout_basic
D:2:      layout_basic, serial_shops, nicolae_shop_crystal
D:3:      layout_basic
D:4:      layout_rooms, minmay_temple_entry_enclosed_plants, serial_shops,
          nicolae_square_shop, hex_intersection, nicolae_elemental_shop,
          lightli_corner_chamber, uniq_edmund
D:5:      layout_rooms, hangedman_abyss_or_decor_stagger, dk_rats_in_the_wall,
          uniq_prince_ribbit1
D:6:      layout_cave_pods, okawaru_gym_becter, serial_demonic,
          serial_demonic_d, serial_demonic_f, serial_demonic_c, serial_demonic_a
D:7:      layout_gridville, grunt_ministairs_9, grunt_decor_cap
D:8:      layout_loops_ring, nicolae_overflows_in_rows, kennysheep_boxes
D:9:      due_megacathedral, layout_basic,
          nzn_overflow_gifts_of_might_and_magic, uniq_grum
Temple:   hellmonk_temple_beads

Skill      XL: |  1  2  3  4  5  6  7  8  9 10 |
---------------+-------------------------------+-----
Conjurations   | 2 3 4 5 6 7 9 11 12 | 12.1
Dodging        | 3 4 5 7 |  7.5
Fire Magic     | 4 5 6 7 8 |  8.0
Spellcasting   | 3 4 6 |  6.3
Stealth        | |  2.0

Action                     |  1- 3 |  4- 6 |  7- 9 | 10-12 || total
---------------------------+-------+-------+-------+-------++-------
  Melee: Long sword        |    10 |    11 |     1 |       ||    22
         Kick              |     1 |     3 |     8 |     3 ||    15
         Peck              |     1 |     2 |     4 |     1 ||     8
         Punch             |       |     1 |     1 |       ||     2
         Rapier            |       |       |    27 |    15 ||    42
   Cast: Foxfire           |    78 |    69 |   213 |    64 ||   424
         Scorch            |       |     9 |    36 |     9 ||    54
    Use: Potion            |     4 |     1 |     1 |     1 ||     7
         Scroll            |       |       |     2 |    16 ||    18
 Armour: Robe              |       |     2 |    10 |    11 ||    23
  Dodge: Dodged            |     9 |    16 |    71 |    50 ||   146

Table legend: (Time is in decaauts)
 A = Elapsed time spent in this place.
 B = Non-inter-level travel time spent in this place.
 C = Inter-level travel time spent in this place.
 D = Time resting spent in this place.
 E = Time spent auto-exploring this place.
 F = Levels seen in this place.
 G = Mean time per level.
                   A        B        C        D        E       F      G
               +--------+--------+--------+--------+--------+-----+--------+
         Total |   9396 |   8846 |    550 |   1075 |   6574 |  10 |  939.6 |
       Dungeon |   9266 |   8751 |    515 |   1075 |   6489 |   9 | 1029.6 |
        Temple |    129 |     94 |     35 |      0 |     85 |   1 |  129.0 |
               +--------+--------+--------+--------+--------+-----+--------+

Top non-repeatable levels by time:
     D:8: 1850 daAuts
     D:6: 1594 daAuts
     D:3: 1353 daAuts
     D:4: 1095 daAuts
     D:2: 963 daAuts
     D:5: 857 daAuts
     D:1: 792 daAuts
     D:7: 616 daAuts
     D:9: 141 daAuts
  Temple: 129 daAuts
